 Dungeon Crawl Stone Soup version 0.31-a0-489-g282fc92437 (webtiles) character file.

Game seed: 11716536794249938288

42 Ethylacetat the Cudgeller (level 3, 0/25 HPs)
             Began as an Octopode Wanderer on Aug 8, 2023.
             Slain by a giant cockroach (1 damage)
             ... on level 1 of the Dungeon.
             The game lasted 00:01:37 (1018 turns).

Ethylacetat the Cudgeller (Octopode Wanderer)       Turns: 1018, Time: 00:01:39

Health: 0/25       AC:  1    Str:  9    XL:     3   Next: 56%
Magic:  3/3        EV: 12    Int: 12    God:
Gold:   34         SH:  0    Dex: 17    Spells: 2/2 levels left

rFire   . . .        d - +0 dagger
rCold   . . .        (no shield)
rNeg    . . .        (helmet restricted)
rPois   .            (no amulet)
rElec   .            (no ring)
rCorr   .            (no ring)
SInv    .            (no ring)
Will    .....        (no ring)
Stlth   +++          (no ring)
HPRegen 0.24/turn    (no ring)
MPRegen 0.08/turn    (no ring)
                     (no ring)

%: no passive effects
@: lethally poisoned (0 -> -4)
A: almost no armour, amphibious, 8 rings, camouflage 1, gelatinous body 1,
(nimble swimmer 1), tentacles
a: no special abilities


You were on level 1 of the Dungeon.
You visited 1 branch of the dungeon, and saw 2 of its levels.

You collected 34 gold pieces.

Inventory:

Hand Weapons
 a - a +0 flail
 b - a +0 short sword
 d - a +0 dagger (weapon)
 f - a +0 sling
Missiles
 c - 19 poisoned darts (quivered)
Scrolls
 g - 2 scrolls of teleportation {unknown}
 i - a scroll of identify {unknown}
Potions
 e - 2 potions of heal wounds
 h - a potion of mutation {unknown}
 j - a potion of attraction {unknown}


   Skills:
 + Level 2.6 Fighting
 + Level 3.4 Short Blades
 + Level 3.4 Maces & Flails
 - Level 1.2 Throwing
 - Level 1.3 Evocations


You had 2 spell levels left.
You didn't know any spells.
Your spell library was empty.

Dungeon Overview and Level Annotations

Branches:
Dungeon (2/15)

Altars:

Shops:
D:1 (

Annotations:
D:2 Robin


Innate Abilities, Weirdness & Mutations

You cannot wear most types of armour.
You are amphibious.
You can wear up to eight rings at the same time.
Your skin changes colour to match your surroundings (Stealth+).
Your rubbery body absorbs attacks. (AC +1, EV +1)
((You are camouflaged when in or above water. (Stealth+)))
You have tentacles for arms and can constrict up to eight enemies at once.


Message History

You kill the hobgoblin!
The goblin hits you with a +0 dagger.
You hit the goblin. You grab the goblin.
The goblin is heavily wounded.
You constrict the goblin. The goblin hits you with a +0 dagger.
You hit the goblin.
You kill the goblin!
No target in view!
You climb downwards.
Level annotation: Robin The adder bites you but does no damage.
Robin says, "Kneel, worm!"
The goblin misses you. The giant cockroach closely misses you.
The adder bites you. The goblin barely misses you.
The giant cockroach barely misses you.
There is a stone staircase leading up, spattered with blood here.
The adder bites you.
The giant cockroach waves its antennae.
The giant cockroach closely misses you. The adder bites you.
You are poisoned.
The adder poisons you!
Robin roars a battlecry!
The goblins go into a battle-frenzy!
The goblin hits you with a +0 club.
You climb upwards.
You feel sick.
There is a stone staircase leading down, spattered with blood here.
You hit the adder. Your grab misses the adder. Your squeeze misses the adder.
The adder is lightly wounded.
You feel sick. The adder bites you but does no damage.
The giant cockroach bites you but does no damage.
Unknown command.
You hit the adder. Your grab misses the adder.
The adder is moderately wounded.
You feel sick.
You are no longer poisoned.
The goblin closely misses you. The adder bites you.
* * * LOW HITPOINT WARNING * * *
You are lethally poisoned!
The adder poisons you! The giant cockroach bites you.
You die...

######## #......######
##########............
#.....................
##.....................
#....Sg)...#####.......
#....#@B...............
#....#.#...............
#....#.................
#....#....#.###########
#....#.#....#
#...........#
#######...##.#...##
#................#
#.......##.......#


You could see an adder, a giant cockroach and a goblin (strong).

Vanquished Creatures
  A dart slug (D:1)
  2 endoplasms (D:1)
  3 giant cockroaches (D:1)
  9 goblins
  4 hobgoblins
  2 jackals (D:1)
  A quokka (D:1)
  5 bats (D:1)
  2 frilled lizards (D:1)
  2 kobolds (D:1)
  5 rats (D:1)
36 creatures vanquished.

Notes
Turn   | Place    | Note
-------+----------+-------------------------------------------
     0 | D:1      | Ethylacetat the Octopode Wanderer began the quest for the
                  | Orb.
     0 | D:1      | Ethylacetat set off with the following items: a +0 flail, a
                  | +0 short sword, 13 poisoned darts, a +0 dagger, a potion of
                  | heal wounds.
     0 | D:1      | Reached XP level 1. HP: 14/14 MP: 1/1
   159 | D:1      | Reached XP level 2. HP: 2/19 MP: 2/2
   443 | D:1      | Reached XP level 3. HP: 21/25 MP: 3/3
   532 | D:1      | Found Visam's Weapon Shop.
   891 | D:2      | Noticed Robin
   903 | D:1      | HP: 1/25 [goblin/+0 dagger[Robin] (2)]
  1018 | D:1      | HP: 1/25 [adder (3)]
  1018 | D:1      | Slain by a giant cockroach

Illustrated notes

Levels and vault maps discovered:
D:1:      dpeg_arrival_stone_temple_mockup, layout_basic, serial_shops, shop,
          minivault_14, serial_bayou_ford_a
D:2:      layout_rooms, minmay_misc_feat_room, minmay_circled_x, uniq_terence,
          uniq_natasha, uniq_robin

Action                     || total
---------------------------++-------
  Melee: Flail             ||     5
         Dagger            ||    62
         Constrict         ||    16
         Tentacles         ||    12
         Punch             ||     1
   Fire: Sling             ||    25
  Throw: Dart              ||     1
   Stab: Sleeping          ||     4
 Armour: Skin              ||    18
  Dodge: Dodged            ||    60

Table legend: (Time is in decaauts)
 A = Elapsed time spent in this place.
 B = Non-inter-level travel time spent in this place.
 C = Inter-level travel time spent in this place.
 D = Time resting spent in this place.
 E = Time spent auto-exploring this place.
 F = Levels seen in this place.
 G = Mean time per level.
                   A        B        C        D        E       F      G
               +--------+--------+--------+--------+--------+-----+--------+
         Total |   1020 |   1015 |      5 |     99 |    696 |   2 |  510.0 |
       Dungeon |   1020 |   1015 |      5 |     99 |    696 |   2 |  510.0 |
               +--------+--------+--------+--------+--------+-----+--------+

Top non-repeatable levels by time:
     D:1: 1009 daAuts
     D:2: 11 daAuts
